 Dungeon Crawl Stone Soup version 0.18-a0-998-gcb3fcb1 (webtiles) character file.

14 Soirgriffe the Stinger (level 2, -2/13 HPs)
             Began as a Spriggan Venom Mage on Jan 5, 2016.
             Was an Initiate of Ashenzari.
             Slain by a worm (6 damage)
             ... on level 2 of the Dungeon.
             The game lasted 00:06:13 (640 turns).

Soirgriffe the Stinger (Spriggan Venom Mage)         Turns: 640, Time: 00:06:13

Health: -2/13      AC:  4    Str:  4    XL:     2   Next: 31%
Magic:  7/7        EV: 18    Int: 16    God:    Ashenzari [......]
Gold:   37         SH:  0    Dex: 16    Spells: 1 memorised, 6 levels left

rFire  . . .     SeeInvis +     e - +0 dagger
rCold  . . .     Gourm    .     d - +0 robe
rNeg   . . .     Faith    .     (shield restricted)
rPois  .         Spirit   .     (helmet restricted)
rElec  .         Dismiss  .     (no cloak)
rCorr  .         Reflect  .     (gloves unavailable)
SustAt .         Harm     .     (boots unavailable)
MR     .....                    (no amulet)
Stlth  +++.......               (no ring)
                                (no ring)

@: very quick, not resistant to hostile enchantments, fairly stealthy
A: unfitting armour, thin metallic scales 1, see invisible, blink, herbivore 3,
speed 3, screaming 1, slow metabolism 2
a: Blink, Renounce Religion


You were on level 2 of the Dungeon.
You worshipped Ashenzari.
Ashenzari was noncommittal.
You were completely stuffed.

You visited 1 branch of the dungeon, and saw 2 of its levels.

You collected 37 gold pieces.

Inventory:

Hand Weapons
 e - a +0 dagger (weapon)
 h - a +0 hunting sling
 j - a +0 club
Missiles
 p - 14 sling bullets
Armour
 a - a +0 robe
 d - a +0 robe (worn)
 f - a +2 pair of boots
 m - a +0 leather armour
Scrolls
 i - a scroll of fear
 n - 2 scrolls of identify
Potions
 k - 2 potions of curing
Books
 b - a Young Poisoner's Handbook

   Spells                             Type                      Level
   a - Sting                          Conjuration/Poison           1
   b - Cure Poison                    Poison                       2
   c - Mephitic Cloud                 Conjuration/Poison/Air       3
   d - Olgreb's Toxic Radiance        Poison                       4
   e - Venom Bolt                     Conjuration/Poison           5
Comestibles
 c - 3 bread rations
 g - a meat ration
 l - a beef jerky


   Skills:
 + Level 3.5 Dodging
 + Level 3.1 Stealth
 + Level 3.1 Spellcasting
 + Level 4.2 Poison Magic


You had 6 spell levels left.
You knew the following spells:

 Your Spells              Type           Power        Failure   Level  Hunger
a - Sting                 Conj/Pois      #...         10%         1    #......


Dungeon Overview and Level Annotations

Branches:
Dungeon (2/15)

Altars:
Ashenzari


Innate Abilities, Weirdness & Mutations

You are tiny and cannot use many weapons and most armour.
You have supernaturally acute eyesight.
You are a herbivore.
You cover ground extremely quickly.
You need consume almost no food.
You are partially covered in thin metallic scales (AC +2).
You can translocate small distances at will.
You occasionally shout uncontrollably at your foes.


Message History

e - a +0 dagger (weapon)
The worm misses you.
You hit the worm.
The worm is lightly wounded.
The worm closely misses you.
You hit the worm.
The worm is moderately wounded.
You hit the worm but do no damage.
The worm is moderately wounded.
The worm bites you!
Ouch! That really hurt!
You hit the worm.
The worm is moderately wounded.
The worm closely misses you.
You hit the worm.
The worm is heavily wounded.
You hit the worm.
The worm is heavily wounded.
The worm bites you.
You die...

#.......#
######.#####.#
##......#...#.###
...#.#..........#####
###.#....#...#.#.....#
#........#####.#####.#
#.#.#.#.##.......#
#....
#.....#.##.#######
#.#.#
.#)w@>.....######....
###.##.##..[...#.#.#
#.##.##......#....
#.##....<†...###..
#.#####......# ###
#............#
#.############ #.##...
.$####
#.##.#####.##.##


You could see a worm.

Vanquished Creatures
  A giant gecko (D:1)
  A giant cockroach (D:1)
  3 goblins
  2 hobgoblins (D:1)
  2 bats (D:1)
  3 kobolds
12 creatures vanquished.

Notes
Turn   | Place    | Note
--------------------------------------------------------------
     0 | D:1      | Soirgriffe the Spriggan Venom Mage began the quest for the Orb.
     0 | D:1      | Reached XP level 1. HP: 9/9 MP: 5/5
   198 | D:1      | Gained mutation: You can translocate small distances at will. [potion of mutation]
   198 | D:1      | Gained mutation: You occasionally shout uncontrollably at your foes. [potion of mutation]
   198 | D:1      | Gained mutation: You are partially covered in thin metallic scales (AC +2). [potion of mutation]
   307 | D:1      | Reached XP level 2. HP: 13/13 MP: 2/7
   397 | D:1      | Found a shattered altar of Ashenzari.
   416 | D:1      | Became a worshipper of Ashenzari the Shackled
   640 | D:2      | Slain by a worm

Vault maps used:
D:1:      scummos_arrival_hexagon, ashenzari_altar_1
D:2:      first_bread, minmay_misc_feat_pillars, tgw_trog

Action                   || total
-------------------------++-------
Melee: Unarmed           ||     2
       Dagger            ||    35
 Cast: Sting             ||    27
  Use: Potion            ||     2
       Scroll            ||     2
  Eat: Bread ration      ||     1
